Map: Odyssey LE

Players

Nagula - Winner!

  • Race: Zerg Zerg
  • Spawn Location: 11:00

Juxtapose

  • Race: Terran Terran
  • League: Gold
  • Spawn Location: 5:00

VOD

https://youtu.be/Vowj_kq7ax0

Description

Time

  • Played on: Nov. 16, 2017, 8:39 p.m.
  • Length: 12:40
Show
View Real Time Build Order
Export as new Build Order

Nagula Zerg - Winner!

Build Orders: Pool First 

Get SALT Encoding   

  12  0:01  Drone  
  13  0:12  Drone  
  14  0:16  Overlord  
  14  0:34  Drone x3  
  17  0:37  Extractor  
  16  0:50  Spawning Pool  
  16  0:53  Drone  
  16  0:56  Drone  
  17  1:07  Drone  
  18  1:19  Drone  
  19  1:31  Hatchery  
  18  1:33  Drone  
  19  1:42  Queen  
  21  1:50  Overlord  
  21  2:10  Zergling x4  
  21  2:11  Metabolic Boost  
  23  2:35  Zergling x6  
  26  2:43  Queen  
  28  2:44  Queen  
  28  2:46  Zergling x4  
  28  2:50  Baneling Nest  
  31  2:54  Drone  
  32  3:14  Overlord x3  
  33  3:34  Zergling x8  
  33  3:35  Zergling x2  
  37  3:45  Baneling  
  37  3:46  Baneling x5  
  38  3:48  Drone x2  
  38  3:49  Drone  
  38  3:53  Drone  
  41  4:03  Drone  
  41  4:04  Drone x2  
  44  4:12  Drone  
  44  4:13  Drone x2  
  46  4:44  Drone x4  
  46  4:45  Drone  
  51  4:46  Overlord  
  51  4:47  Extractor, Overlord x2  
  51  4:48  Extractor  
  48  5:12  Lair  
  48  5:14  Drone x3  
  50  5:15  Drone x3  
  50  5:16  Drone x3  
  50  5:18  Extractor, Drone x2  
  50  5:19  Drone  
  50  5:20  Evolution Chamber x2  
  55  5:41  Drone x3  
  55  5:42  Zergling x2  
  59  5:43  Zergling x10  
  59  5:48  Zerg Ground Armor Level 1, Zerg Melee Weapons Level 1  
  62  6:24  Hatchery  
  61  6:31  Hydralisk Den, Centrifical Hooks  
  61  6:32  Zergling x14  
  67  6:33  Zergling x6  
  70  6:41  Extractor  
  69  7:01  Muscular Augments, Hydralisk  
  69  7:02  Hydralisk x2  
  64  8:02  Zergling x2  
  64  8:03  Zergling x36  
  67  8:38  Overlord x5  
  67  8:53  Hatchery  
  66  9:04  Hydralisk  
  66  9:05  Hydralisk x7  
  82  9:10  Baneling x5  
  82  9:11  Baneling x3  
  82  9:23  Drone x2  
  84  9:33  Zergling x2  
  84  9:34  Zergling x16  
  93  9:40  Zerg Melee Weapons Level 2, Zerg Ground Armor Level 2  
  93  9:42  Zergling x4  
  95  9:49  Baneling x5  
  95  9:51  Zergling x2  
  95  9:52  Zergling x6  
  99  10:14  Hydralisk  
  99  10:15  Hydralisk x6  
  113  10:22  Infestation Pit  
  112  10:53  Zergling x2  
  112  10:54  Zergling x2  
  114  10:57  Overlord x5  
  82  11:46  Zergling x10  
  82  11:47  Zergling x14  
  94  12:08  Zergling x6  
Show
View Real Time Build Order
Export as new Build Order

Juxtapose Terran 

Build Orders:  

Get SALT Encoding   

  12  0:01  SCV  
  13  0:13  SCV  
  14  0:22  Supply Depot  
  14  0:25  SCV  
  15  0:44  SCV  
  15  0:48  Barracks  
  16  0:51  Supply Depot  
  16  0:56  SCV  
  17  1:04  Refinery  
  17  1:08  SCV  
  18  1:20  SCV  
  19  1:32  SCV  
  20  1:48  Orbital Command  
  20  1:54  Refinery  
  20  1:55  Barracks Reactor  
  20  2:01  Command Center  
  20  2:16  Supply Depot, SCV  
  21  2:28  SCV  
  21  2:34  Marine x2  
  23  2:40  SCV  
  24  2:51  Factory  
  24  2:52  SCV  
  25  3:03  Marine x2  
  27  3:15  Orbital Command  
  27  3:21  Marine x2  
  29  3:28  Supply Depot  
  29  3:31  Engineering Bay  
  29  3:37  Factory Tech Lab  
  29  3:38  Marine  
  29  3:39  Marine  
  31  3:42  Starport  
  31  4:01  Marine x2  
  33  4:14  Orbital Command, Siege Tank  
  36  4:19  Marine x2  
  36  4:22  Starport Reactor  
  38  4:27  SCV  
  38  4:28  Terran Infantry Weapons Level 1  
  39  4:34  Barracks  
  39  4:39  SCV  
  40  4:46  Siege Tank  
  42  5:12  Liberator, Marine x2  
  44  5:17  Armory  
  44  5:18  Siege Tank  
  47  5:32  Marine x2  
  52  5:39  Medivac  
  54  6:00  Marine x2  
  56  6:12  Orbital Command  
  56  6:24  Siege Tank  
  59  6:26  Medivac  
  59  6:28  Barracks Tech Lab  
  61  6:38  SCV  
  62  6:45  Supply Depot  
  62  6:53  SCV  
  63  7:01  Refinery  
  63  7:03  Refinery  
  63  7:06  Marine x2  
  63  7:07  Combat Shields  
  65  7:24  Marine x2  
  67  7:38  Marine  
  67  7:40  SCV x2  
  67  7:41  Marine  
  71  7:52  SCV  
  53  8:06  Marine x2  
  53  8:07  Siege Tank  
  58  8:21  SCV  
  58  8:26  Stimpack  
  59  8:33  SCV  
  48  8:39  Marine x2, Siege Tank  
  51  8:49  Marine  
  51  8:51  Medivac x2  
  56  8:57  Marine  
  57  9:04  SCV x2  
  59  9:11  Supply Depot, Siege Tank  
  59  9:16  SCV  
  63  9:23  Liberator  
  63  9:31  Command Center  
  63  9:36  Marine  
  63  9:37  Marine x2  
  66  9:41  Medivac  
  66  9:43  Siege Tank  
  74  9:54  Marine x2  
  74  9:56  Terran Infantry Weapons Level 2  
  74  9:59  Terran Vehicle Weapons Level 1  
  76  10:11  Medivac  
  78  10:15  Siege Tank  
  81  10:23  Medivac, Marine x2  
  81  10:24  Marine  
  86  10:42  Marine  
  79  11:15  Liberator x2  
  79  11:27  Marine x3  
  79  11:29  Thor  
  70  11:39  Planetary Fortress  
  53  11:45  Marine x3  
  53  11:57  Barracks  
  53  11:59  SCV x2  
  55  12:03  Marine x3  
  55  12:11  SCV  
  46  12:21  Marine  
Tags
 
League
Gold
Matchup
TvZ
Opening
Pool First
Spawn Locations
Cross Positions
Add a new tag
Caveats
  • Supply blocks, unpowered buildings, or Contaminate may cause inaccurate times.
  • Supply counts are checked every 10 seconds.